[ PARTIDA AOE2 · #468791046 ]
UnrankedBritanos vs Maya
[ ANÁLISIS DE REPETICIÓN · EXTRAÍDO DE LA PARTIDA GRABADA ]
Feudal
10:56
Castillos
14:29
Imperial
27:26
| APM promedio | 31.1 |
| APM pico | 91 |
| eAPM promedio | 17.7 |
| Aldeanos / militares | 108 / 154 |
Foco
⚔️ 26.2% · 🌾 73.8%
Spearman ×123 · Longbowman ×27 · Mangonel ×4
Feudal
13:07
Castillos
17:02
Imperial
23:15
| APM promedio | 40.2 |
| APM pico | 86 |
| eAPM promedio | 23.0 |
| Aldeanos / militares | 103 / 135 |
Foco
⚔️ 34.8% · 🌾 65.2%
Plumed Archer ×128 · Trebuchet (Packed) ×3 · Spearman ×2 · Petard ×2
Feudal
11:05
Castillos
14:42
Imperial
33:00
| APM promedio | 51.8 |
| APM pico | 118 |
| eAPM promedio | 33.2 |
| Aldeanos / militares | 232 / 403 |
Foco
⚔️ 37.9% · 🌾 62.1%
Knight ×227 · Scout Cavalry ×173 · Trebuchet (Packed) ×3
Feudal
11:21
Castillos
14:55
Imperial
27:21
| APM promedio | 28.1 |
| APM pico | 52 |
| eAPM promedio | 15.1 |
| Aldeanos / militares | 140 / 158 |
Foco
⚔️ 31.0% · 🌾 69.0%
Cavalry Archer ×124 · Battering Ram ×28 · Trebuchet (Packed) ×3 · Spearman ×2 · Monk ×1
Feudal
11:08
Castillos
15:04
Imperial
28:29
| APM promedio | 33.4 |
| APM pico | 148 |
| eAPM promedio | 20.5 |
| Aldeanos / militares | 140 / 213 |
Foco
⚔️ 38.4% · 🌾 61.6%
Spearman ×92 · Militia ×60 · Composite Bowman ×52 · Battering Ram ×5 · Trebuchet (Packed) ×3 · Monk ×1
Feudal
11:08
Castillos
14:51
Imperial
28:07
| APM promedio | 29.8 |
| APM pico | 71 |
| eAPM promedio | 13.4 |
| Aldeanos / militares | 140 / 161 |
Foco
⚔️ 24.7% · 🌾 75.3%
Knight ×159 · Monk ×1 · Trebuchet (Packed) ×1
Feudal
11:05
Castillos
20:07
Imperial
32:59
| APM promedio | 17.6 |
| APM pico | 43 |
| eAPM promedio | 14.6 |
| Aldeanos / militares | 124 / 97 |
Foco
⚔️ 27.5% · 🌾 72.5%
Knight ×97
Feudal
10:57
Castillos
15:49
Imperial
29:51
| APM promedio | 34.2 |
| APM pico | 67 |
| eAPM promedio | 20.3 |
| Aldeanos / militares | 179 / 122 |
Foco
⚔️ 24.9% · 🌾 75.1%
Elephant Archer ×110 · Ratha (Ranged) ×6 · Armored Elephant ×4 · Monk ×2
Mapa de la partida
Recursos iniciales + cada clic de construcción. Líneas = muros · curvas = relieve. ◆ oro · ⬟ piedra · ● bayas · ✦ reliquia · ◌ hueco del cierre
Tu base· ✓ Cerrada en 14:29 · 0t muro · 2 puerta(s)
Base de Kazi· ✓ Cerrada en 17:02 · 0t muro · 2 puerta(s)
Base de calypso1119· ✓ Cerrada en 14:42 · 12t muro · 3 puerta(s)
Base de RoR | zWraithhh· ✓ Cerrada en 14:55 · 0t muro · 6 puerta(s)
Base de dinkydinks· ✓ Cerrada en 15:04 · 0t muro · 3 puerta(s)
Base de Brick in the wall· ✓ Cerrada en 14:51 · 0t muro · 2 puerta(s)
Base de Ak.c0lt· ✓ Cerrada en 20:07 · 0t muro · 2 puerta(s)
Base de AI (CD version)· ✓ Cerrada en 15:49 · 0t muro · 2 puerta(s)
Terreno inicial suavizado · ◌ = hueco del cierre detectado · pasá el cursor para detalles
Inputs por minuto
— v - - Kazi
Build order — v
Primeras 150 de 305 acciones detectadas
| 0:01 | Crear | Villager (Male) |
| 0:01 | Crear | Villager (Male) |
| 0:02 | Construir | House |
| 0:04 | Construir | House |
| 0:10 | Crear | Villager (Male) |
| 0:17 | Crear | Villager (Male) |
| 1:16 | Crear | Villager (Male) |
| 1:45 | Crear | Villager (Male) |
| 1:56 | Crear | Villager (Male) |
| 2:23 | Crear | Villager (Male) |
| 2:25 | Construir | Lumber Camp |
| 2:29 | Crear | Villager (Male) |
| 2:35 | Construir | House |
| 2:57 | Crear | Villager (Male) |
| 3:16 | Crear | Villager (Male) |
| 3:29 | Crear | Villager (Male) |
| 3:43 | Crear | Villager (Male) |
| 3:43 | Crear | Villager (Male) |
| 4:09 | Crear | Villager (Male) |
| 4:33 | Crear | Villager (Male) |
| 4:37 | Crear | Villager (Male) |
| 4:55 | Construir | House |
| 4:58 | Construir | Mill |
| 5:09 | Crear | Villager (Male) |
| 5:37 | Crear | Villager (Male) |
| 5:57 | Construir | House |
| 5:59 | Crear | Villager (Male) |
| 6:03 | Crear | Villager (Male) |
| 6:26 | Crear | Villager (Male) |
| 6:26 | Crear | Villager (Male) |
| 7:02 | Crear | Villager (Male) |
| 7:38 | Construir | Mining Camp |
| 8:04 | Crear | Villager (Male) |
| 8:05 | Investigar | Feudal Age |
| 9:29 | Construir | Mining Camp |
| 9:53 | Crear | Villager (Male) |
| 9:53 | Crear | Villager (Male) |
| 10:56 | Edad | Edad Feudal |
| 10:57 | Construir | Blacksmith |
| 11:01 | Construir | Market |
| 11:49 | Investigar | Castle Age |
| 12:14 | Investigar | Horse Collar |
| 12:32 | Construir | Farm |
| 12:34 | Construir | Farm |
| 12:35 | Construir | Farm |
| 12:45 | Investigar | Double-Bit Axe |
| 12:56 | Construir | Farm |
| 13:16 | Crear | Villager (Male) |
| 14:16 | Construir | Farm |
| 14:18 | Crear | Villager (Male) |
| 14:29 | Edad | Edad de los Castillos |
| 14:32 | Construir | Town Center |
| 15:01 | Crear | Villager (Male) |
| 15:22 | Construir | Town Center |
| 15:26 | Construir | Farm |
| 15:29 | Construir | Farm |
| 15:31 | Crear | Villager (Male) |
| 15:41 | Crear | Villager (Male) |
| 15:42 | Crear | Villager (Male) |
| 15:53 | Crear | Villager (Male) |
| 16:01 | Construir | Siege Workshop |
| 16:04 | Crear | Villager (Male) |
| 16:07 | Construir | Farm |
| 16:16 | Crear | Villager (Male) |
| 16:31 | Construir | House |
| 16:43 | Crear | Villager (Male) |
| 16:46 | Construir | House |
| 16:48 | Construir | House |
| 16:49 | Construir | House |
| 17:02 | Crear | Villager (Male) |
| 17:02 | Crear | Villager (Male) |
| 17:14 | Construir | Farm |
| 17:16 | Construir | Farm |
| 17:20 | Construir | Farm |
| 17:21 | Crear | Villager (Male) |
| 17:23 | Crear | Villager (Male) |
| 17:24 | Construir | Farm |
| 17:35 | Crear | Villager (Male) |
| 17:35 | Crear | Villager (Male) |
| 17:48 | Crear | Villager (Male) |
| 17:51 | Investigar | Loom |
| 17:51 | Investigar | Loom |
| 18:07 | Construir | Farm |
| 18:09 | Construir | Farm |
| 18:11 | Construir | Farm |
| 18:14 | Construir | Farm |
| 18:16 | Construir | Farm |
| 18:17 | Crear | Villager (Male) |
| 18:17 | Crear | Villager (Male) |
| 18:32 | Construir | Outpost |
| 18:34 | Crear | Villager (Male) |
| 18:37 | Construir | House |
| 18:39 | Construir | House |
| 18:40 | Construir | House |
| 18:41 | Crear | Villager (Male) |
| 18:54 | Crear | Villager (Male) |
| 18:54 | Crear | Villager (Male) |
| 19:10 | Construir | Palisade Wall |
| 19:11 | Construir | Palisade Wall |
| 19:12 | Construir | Palisade Wall |
| 19:14 | Crear | Villager (Male) |
| 19:15 | Crear | Villager (Male) |
| 19:15 | Crear | Villager (Male) |
| 19:29 | Crear | Villager (Male) |
| 19:36 | Crear | Villager (Male) |
| 19:37 | Crear | Villager (Male) |
| 19:42 | Construir | Farm |
| 19:50 | Crear | Villager (Male) |
| 20:00 | Crear | Villager (Male) |
| 20:00 | Crear | Villager (Male) |
| 20:04 | Construir | House |
| 20:05 | Construir | House |
| 20:06 | Construir | House |
| 20:07 | Construir | House |
| 20:08 | Construir | House |
| 20:10 | Crear | Villager (Male) |
| 20:26 | Crear | Villager (Male) |
| 20:31 | Construir | Farm |
| 20:41 | Crear | Villager (Male) |
| 20:41 | Crear | Villager (Male) |
| 20:47 | Construir | Mill |
| 20:48 | Construir | Farm |
| 20:48 | Construir | Farm |
| 20:48 | Construir | Farm |
| 20:49 | Construir | Farm |
| 20:49 | Construir | Farm |
| 20:49 | Construir | Farm |
| 20:49 | Construir | Farm |
| 20:49 | Construir | Farm |
| 20:50 | Construir | Farm |
| 20:53 | Crear | Villager (Male) |
| 21:06 | Crear | Villager (Male) |
| 21:06 | Crear | Villager (Male) |
| 21:08 | Crear | Villager (Male) |
| 21:18 | Construir | Castle |
| 21:22 | Crear | Villager (Male) |
| 21:28 | Construir | Farm |
| 21:33 | Crear | Villager (Male) |
| 21:33 | Crear | Villager (Male) |
| 21:38 | Construir | Farm |
| 21:39 | Crear | Villager (Male) |
| 21:48 | Construir | Farm |
| 21:50 | Construir | Farm |
| 21:51 | Crear | Villager (Male) |
| 21:53 | Construir | Farm |
| 21:57 | Crear | Villager (Male) |
| 22:04 | Construir | Farm |
| 22:11 | Crear | Villager (Male) |
| 22:11 | Crear | Villager (Male) |
| 22:11 | Crear | Villager (Male) |
Build order — Kazi
Primeras 150 de 356 acciones detectadas
| 0:00 | Crear | Villager (Male) |
| 0:02 | Construir | House |
| 0:07 | Investigar | Loom |
| 0:11 | Construir | House |
| 0:15 | Crear | Villager (Male) |
| 0:16 | Crear | Villager (Male) |
| 0:16 | Crear | Villager (Male) |
| 1:29 | Crear | Villager (Male) |
| 1:56 | Construir | Lumber Camp |
| 2:07 | Crear | Villager (Male) |
| 2:07 | Crear | Villager (Male) |
| 2:56 | Crear | Villager (Male) |
| 2:56 | Crear | Villager (Male) |
| 3:09 | Construir | House |
| 3:49 | Crear | Villager (Male) |
| 3:49 | Crear | Villager (Male) |
| 4:14 | Crear | Villager (Male) |
| 4:33 | Construir | Mill |
| 4:40 | Crear | Villager (Male) |
| 4:54 | Crear | Villager (Male) |
| 5:12 | Crear | Villager (Male) |
| 5:35 | Construir | Mill |
| 6:02 | Construir | House |
| 6:05 | Crear | Villager (Male) |
| 6:13 | Crear | Villager (Male) |
| 6:30 | Crear | Villager (Male) |
| 6:56 | Crear | Villager (Male) |
| 7:14 | Construir | Lumber Camp |
| 7:18 | Crear | Villager (Male) |
| 7:24 | Construir | House |
| 7:42 | Construir | Farm |
| 7:53 | Crear | Villager (Male) |
| 8:06 | Construir | House |
| 8:25 | Crear | Villager (Male) |
| 8:34 | Construir | Farm |
| 8:45 | Crear | Villager (Male) |
| 8:53 | Construir | Farm |
| 9:05 | Crear | Villager (Male) |
| 9:25 | Construir | Mining Camp |
| 9:35 | Crear | Villager (Male) |
| 9:36 | Crear | Villager (Male) |
| 10:28 | Construir | Farm |
| 10:30 | Investigar | Feudal Age |
| 10:35 | Construir | Mining Camp |
| 10:40 | Construir | Farm |
| 11:04 | Crear | Villager (Male) |
| 11:05 | Crear | Villager (Male) |
| 11:42 | Construir | Barracks |
| 13:07 | Edad | Edad Feudal |
| 13:12 | Construir | Market |
| 13:14 | Construir | Blacksmith |
| 13:30 | Investigar | Double-Bit Axe |
| 13:34 | Construir | Farm |
| 13:40 | Construir | Farm |
| 13:50 | Crear | Villager (Male) |
| 14:04 | Investigar | Castle Age |
| 14:32 | Investigar | Gold Mining |
| 14:42 | Crear | Spearman |
| 14:42 | Crear | Spearman |
| 14:53 | Crear | Villager (Male) |
| 14:54 | Crear | Villager (Male) |
| 15:00 | Construir | House |
| 15:02 | Construir | House |
| 15:04 | Construir | House |
| 16:58 | Investigar | Fletching |
| 17:01 | Crear | Villager (Male) |
| 17:02 | Edad | Edad de los Castillos |
| 17:16 | Construir | Castle |
| 17:18 | Construir | Mining Camp |
| 17:56 | Construir | Stone Wall |
| 17:57 | Construir | Stone Wall |
| 17:58 | Construir | Stone Wall |
| 18:01 | Construir | Stone Wall |
| 18:03 | Construir | Stone Wall |
| 18:06 | Construir | Stone Wall |
| 18:09 | Construir | Stone Wall |
| 18:16 | Crear | Villager (Male) |
| 18:26 | Crear | Villager (Male) |
| 19:00 | Crear | Villager (Male) |
| 19:30 | Crear | Villager (Male) |
| 20:05 | Investigar | Imperial Age |
| 20:14 | Construir | House |
| 20:16 | Construir | House |
| 20:18 | Crear | Plumed Archer |
| 20:18 | Crear | Plumed Archer |
| 20:18 | Crear | Plumed Archer |
| 20:24 | Crear | Plumed Archer |
| 21:18 | Investigar | Bodkin Arrow |
| 21:20 | Crear | Plumed Archer |
| 21:20 | Crear | Plumed Archer |
| 21:37 | Crear | Villager (Male) |
| 22:02 | Crear | Plumed Archer |
| 22:02 | Crear | Plumed Archer |
| 22:02 | Crear | Plumed Archer |
| 22:29 | Crear | Plumed Archer |
| 22:47 | Construir | Castle |
| 23:01 | Crear | Villager (Male) |
| 23:01 | Crear | Villager (Male) |
| 23:15 | Edad | Edad Imperial |
| 23:17 | Crear | Trebuchet (Packed) |
| 23:46 | Crear | Trebuchet (Packed) |
| 23:59 | Investigar | Bracer |
| 24:26 | Crear | Plumed Archer |
| 24:26 | Crear | Plumed Archer |
| 24:37 | Crear | Petard |
| 24:37 | Crear | Petard |
| 24:48 | Construir | Farm |
| 25:13 | Crear | Plumed Archer |
| 25:14 | Crear | Plumed Archer |
| 25:14 | Crear | Plumed Archer |
| 25:15 | Crear | Plumed Archer |
| 25:17 | Crear | Villager (Male) |
| 25:52 | Crear | Trebuchet (Packed) |
| 25:54 | Crear | Plumed Archer |
| 25:54 | Crear | Plumed Archer |
| 26:02 | Crear | Plumed Archer |
| 26:04 | Crear | Villager (Male) |
| 26:05 | Crear | Villager (Male) |
| 26:10 | Crear | Plumed Archer |
| 26:25 | Crear | Plumed Archer |
| 26:26 | Crear | Plumed Archer |
| 26:30 | Crear | Villager (Male) |
| 26:33 | Construir | House |
| 26:34 | Construir | House |
| 26:34 | Construir | House |
| 26:52 | Crear | Plumed Archer |
| 26:52 | Crear | Plumed Archer |
| 26:53 | Crear | Villager (Male) |
| 27:04 | Crear | Plumed Archer |
| 27:05 | Crear | Plumed Archer |
| 27:07 | Crear | Plumed Archer |
| 27:27 | Crear | Plumed Archer |
| 27:27 | Crear | Plumed Archer |
| 27:27 | Crear | Plumed Archer |
| 27:30 | Crear | Villager (Male) |
| 27:43 | Crear | Plumed Archer |
| 27:43 | Crear | Plumed Archer |
| 27:45 | Crear | Villager (Male) |
| 28:00 | Crear | Villager (Male) |
| 28:12 | Construir | University |
| 28:26 | Crear | Villager (Male) |
| 28:30 | Crear | Plumed Archer |
| 28:30 | Crear | Plumed Archer |
| 28:30 | Crear | Plumed Archer |
| 28:38 | Crear | Villager (Male) |
| 28:50 | Crear | Plumed Archer |
| 28:51 | Crear | Plumed Archer |
| 29:00 | Crear | Plumed Archer |
| 29:00 | Crear | Plumed Archer |
| 29:00 | Crear | Plumed Archer |
Build order — calypso1119
Primeras 150 de 535 acciones detectadas
| 0:01 | Crear | Villager (Male) |
| 0:02 | Crear | Villager (Male) |
| 0:02 | Construir | House |
| 0:03 | Construir | House |
| 0:16 | Crear | Villager (Male) |
| 0:17 | Crear | Villager (Male) |
| 1:41 | Crear | Villager (Male) |
| 1:41 | Crear | Villager (Male) |
| 1:52 | Crear | Villager (Male) |
| 1:52 | Crear | Villager (Male) |
| 2:05 | Construir | Lumber Camp |
| 2:22 | Crear | Villager (Male) |
| 2:22 | Crear | Villager (Male) |
| 2:42 | Crear | Villager (Male) |
| 2:42 | Crear | Villager (Male) |
| 3:04 | Crear | Villager (Male) |
| 3:04 | Crear | Villager (Male) |
| 3:50 | Construir | Mill |
| 3:55 | Crear | Villager (Male) |
| 4:01 | Crear | Villager (Male) |
| 4:16 | Crear | Villager (Male) |
| 4:17 | Crear | Villager (Male) |
| 4:34 | Crear | Villager (Male) |
| 4:35 | Crear | Villager (Male) |
| 4:36 | Construir | Palisade Wall |
| 4:38 | Construir | Palisade Wall |
| 4:41 | Construir | Palisade Wall |
| 4:43 | Construir | Palisade Wall |
| 4:44 | Construir | Palisade Wall |
| 4:55 | Crear | Villager (Male) |
| 4:55 | Crear | Villager (Male) |
| 4:55 | Crear | Villager (Male) |
| 4:55 | Crear | Villager (Male) |
| 5:09 | Construir | Palisade Gate |
| 5:10 | Construir | Palisade Wall |
| 5:16 | Crear | Villager (Male) |
| 5:16 | Crear | Villager (Male) |
| 5:29 | Construir | Palisade Wall |
| 5:33 | Crear | Villager (Male) |
| 5:33 | Crear | Villager (Male) |
| 5:39 | Construir | Palisade Wall |
| 5:40 | Construir | Palisade Wall |
| 5:41 | Construir | Palisade Wall |
| 5:45 | Construir | Palisade Wall |
| 5:47 | Construir | House |
| 5:53 | Crear | Villager (Male) |
| 5:53 | Crear | Villager (Male) |
| 6:23 | Construir | Palisade Wall |
| 6:38 | Crear | Villager (Male) |
| 6:38 | Crear | Villager (Male) |
| 6:42 | Crear | Villager (Male) |
| 6:59 | Crear | Villager (Male) |
| 7:34 | Crear | Villager (Male) |
| 7:34 | Crear | Villager (Male) |
| 8:24 | Construir | Farm |
| 8:25 | Construir | Farm |
| 8:47 | Construir | Mining Camp |
| 8:54 | Investigar | Feudal Age |
| 9:22 | Construir | Farm |
| 9:49 | Construir | House |
| 11:05 | Edad | Edad Feudal |
| 11:08 | Crear | Villager (Male) |
| 11:09 | Crear | Villager (Male) |
| 11:13 | Construir | Market |
| 11:15 | Construir | Blacksmith |
| 11:21 | Investigar | Horse Collar |
| 12:02 | Investigar | Castle Age |
| 12:03 | Investigar | Castle Age |
| 12:03 | Investigar | Castle Age |
| 12:11 | Construir | Farm |
| 13:13 | Construir | Farm |
| 13:17 | Construir | Farm |
| 13:21 | Crear | Villager (Male) |
| 13:22 | Investigar | Double-Bit Axe |
| 13:23 | Investigar | Double-Bit Axe |
| 14:22 | Crear | Villager (Male) |
| 14:22 | Crear | Villager (Male) |
| 14:42 | Edad | Edad de los Castillos |
| 14:50 | Construir | Town Center |
| 15:03 | Construir | Town Center |
| 15:16 | Crear | Villager (Male) |
| 15:27 | Crear | Villager (Male) |
| 15:56 | Construir | Mill |
| 16:01 | Construir | Farm |
| 16:01 | Construir | Farm |
| 16:02 | Construir | Farm |
| 16:05 | Crear | Villager (Male) |
| 16:08 | Construir | House |
| 16:10 | Construir | House |
| 16:22 | Crear | Villager (Male) |
| 16:22 | Crear | Villager (Male) |
| 16:32 | Crear | Villager (Male) |
| 16:32 | Crear | Villager (Male) |
| 16:32 | Crear | Villager (Male) |
| 16:33 | Crear | Villager (Male) |
| 16:37 | Construir | Farm |
| 16:53 | Crear | Villager (Male) |
| 16:55 | Crear | Villager (Male) ×4 |
| 16:58 | Construir | Farm |
| 16:59 | Construir | Farm |
| 17:01 | Construir | Farm |
| 17:05 | Construir | Farm |
| 17:14 | Crear | Villager (Male) |
| 17:20 | Crear | Villager (Male) |
| 17:24 | Construir | Farm |
| 17:42 | Crear | Villager (Male) |
| 17:43 | Crear | Villager (Male) |
| 17:56 | Investigar | Heavy Plow |
| 17:57 | Investigar | Heavy Plow |
| 18:02 | Construir | Farm |
| 18:34 | Investigar | Wheelbarrow |
| 18:34 | Investigar | Wheelbarrow |
| 18:35 | Crear | Villager (Male) |
| 18:35 | Crear | Villager (Male) |
| 18:46 | Construir | Mill |
| 18:56 | Construir | Mill |
| 19:02 | Construir | Mill |
| 19:11 | Construir | Mill |
| 19:18 | Investigar | Loom |
| 19:18 | Investigar | Loom |
| 19:30 | Construir | University |
| 19:38 | Construir | Mining Camp |
| 19:39 | Crear | Villager (Male) |
| 19:40 | Crear | Villager (Male) |
| 19:40 | Crear | Villager (Male) |
| 19:41 | Crear | Villager (Male) |
| 19:42 | Crear | Villager (Male) |
| 19:42 | Crear | Villager (Male) |
| 19:45 | Crear | Villager (Male) |
| 19:45 | Crear | Villager (Male) |
| 19:57 | Construir | Stone Wall |
| 19:59 | Construir | Stone Wall |
| 20:10 | Crear | Villager (Male) ×4 |
| 20:11 | Crear | Villager (Male) ×4 |
| 20:19 | Construir | Stone Wall |
| 20:31 | Construir | Stone Wall |
| 20:36 | Construir | Stone Wall |
| 20:37 | Crear | Villager (Male) ×3 |
| 20:38 | Crear | Villager (Male) ×3 |
| 20:41 | Construir | House |
| 20:41 | Construir | House |
| 20:41 | Construir | House |
| 20:41 | Construir | House |
| 20:45 | Construir | House |
| 20:46 | Construir | House |
| 20:46 | Construir | House |
| 20:46 | Construir | House |
| 20:47 | Crear | Villager (Male) |
| 20:47 | Crear | Villager (Male) ×2 |
| 20:48 | Crear | Villager (Male) ×2 |
Build order — RoR | zWraithhh
Primeras 150 de 369 acciones detectadas
| 0:01 | Crear | Villager (Male) |
| 0:01 | Crear | Villager (Male) |
| 0:02 | Construir | House |
| 0:04 | Construir | House |
| 0:12 | Crear | Villager (Male) |
| 0:13 | Crear | Villager (Male) |
| 1:26 | Crear | Villager (Male) |
| 1:47 | Construir | Lumber Camp |
| 1:58 | Crear | Villager (Male) |
| 2:21 | Crear | Villager (Male) |
| 2:47 | Crear | Villager (Male) |
| 3:11 | Crear | Villager (Male) |
| 3:35 | Crear | Villager (Male) |
| 3:49 | Construir | House |
| 3:57 | Crear | Villager (Male) |
| 4:00 | Construir | House |
| 4:25 | Crear | Villager (Male) |
| 4:52 | Crear | Villager (Male) |
| 4:52 | Crear | Villager (Male) |
| 4:56 | Construir | Palisade Gate |
| 5:00 | Construir | Mill |
| 5:10 | Construir | House |
| 5:18 | Construir | Palisade Gate |
| 5:36 | Construir | Palisade Gate |
| 5:40 | Crear | Villager (Male) |
| 5:47 | Construir | Palisade Gate |
| 5:55 | Crear | Villager (Male) |
| 6:26 | Crear | Villager (Male) |
| 6:40 | Construir | House |
| 6:42 | Construir | House |
| 7:05 | Crear | Villager (Male) |
| 7:06 | Crear | Villager (Male) |
| 7:10 | Construir | Lumber Camp |
| 7:11 | Crear | Villager (Male) |
| 8:13 | Crear | Villager (Male) |
| 8:13 | Crear | Villager (Male) |
| 8:46 | Investigar | Feudal Age |
| 8:49 | Construir | Farm |
| 8:51 | Construir | Farm |
| 9:00 | Construir | Mining Camp |
| 9:13 | Construir | Farm |
| 11:17 | Crear | Villager (Male) |
| 11:18 | Crear | Villager (Male) |
| 11:21 | Edad | Edad Feudal |
| 11:26 | Construir | Market |
| 11:29 | Construir | Blacksmith |
| 12:15 | Investigar | Castle Age |
| 12:55 | Investigar | Double-Bit Axe |
| 13:01 | Construir | Farm |
| 13:03 | Construir | Farm |
| 13:08 | Investigar | Horse Collar |
| 13:56 | Construir | Farm |
| 14:41 | Construir | Farm |
| 14:55 | Edad | Edad de los Castillos |
| 14:59 | Construir | Town Center |
| 15:02 | Investigar | Bow Saw |
| 15:04 | Construir | Town Center |
| 15:04 | Investigar | Heavy Plow |
| 15:06 | Crear | Villager (Male) |
| 15:25 | Construir | Farm |
| 15:28 | Construir | Farm |
| 15:31 | Crear | Villager (Male) |
| 15:35 | Construir | Farm |
| 15:37 | Construir | Farm |
| 15:54 | Crear | Villager (Male) |
| 16:03 | Construir | Farm |
| 16:13 | Crear | Villager (Male) |
| 16:17 | Construir | House |
| 16:18 | Construir | House |
| 16:25 | Construir | Farm |
| 16:32 | Crear | Villager (Male) |
| 16:37 | Crear | Villager (Male) |
| 16:40 | Construir | Farm |
| 16:46 | Crear | Villager (Male) |
| 16:52 | Construir | Farm |
| 16:59 | Crear | Villager (Male) |
| 17:00 | Crear | Villager (Male) |
| 17:02 | Crear | Villager (Male) |
| 17:03 | Crear | Villager (Male) |
| 17:03 | Crear | Villager (Male) |
| 17:05 | Construir | Farm |
| 17:12 | Construir | Farm |
| 17:13 | Crear | Villager (Male) |
| 17:17 | Construir | House |
| 17:22 | Construir | Farm |
| 17:32 | Construir | Farm |
| 17:37 | Crear | Villager (Male) |
| 17:37 | Crear | Villager (Male) |
| 17:52 | Crear | Villager (Male) |
| 17:56 | Construir | House |
| 18:04 | Crear | Villager (Male) |
| 18:06 | Crear | Villager (Male) |
| 18:06 | Crear | Villager (Male) |
| 18:16 | Construir | Town Center |
| 18:17 | Crear | Villager (Male) |
| 18:20 | Crear | Villager (Male) |
| 18:28 | Construir | Farm |
| 18:34 | Construir | Farm |
| 18:34 | Crear | Villager (Male) |
| 18:37 | Crear | Villager (Male) |
| 18:38 | Crear | Villager (Male) |
| 18:39 | Construir | House |
| 18:42 | Crear | Villager (Male) |
| 18:43 | Construir | Farm |
| 18:55 | Construir | Farm |
| 19:03 | Crear | Villager (Male) |
| 19:08 | Construir | House |
| 19:09 | Crear | Villager (Male) |
| 19:09 | Crear | Villager (Male) |
| 19:25 | Crear | Villager (Male) |
| 19:35 | Construir | Monastery |
| 19:37 | Crear | Villager (Male) |
| 19:37 | Crear | Villager (Male) |
| 19:39 | Construir | House |
| 19:45 | Construir | Farm |
| 19:46 | Crear | Villager (Male) |
| 19:48 | Construir | Farm |
| 19:48 | Crear | Villager (Male) |
| 19:53 | Construir | Farm |
| 19:55 | Crear | Villager (Male) |
| 19:57 | Construir | Farm |
| 20:04 | Construir | Farm |
| 20:09 | Crear | Villager (Male) |
| 20:10 | Crear | Villager (Male) |
| 20:18 | Construir | Farm |
| 20:18 | Crear | Villager (Male) |
| 20:21 | Construir | Farm |
| 20:22 | Crear | Villager (Male) |
| 20:31 | Construir | House |
| 20:31 | Construir | House |
| 20:46 | Crear | Monk |
| 20:49 | Investigar | Wheelbarrow |
| 20:50 | Crear | Villager (Male) |
| 20:50 | Crear | Villager (Male) |
| 20:56 | Crear | Villager (Male) |
| 20:57 | Crear | Villager (Male) |
| 21:01 | Construir | Farm |
| 21:03 | Construir | Farm |
| 21:06 | Construir | Farm |
| 21:09 | Construir | Farm |
| 21:09 | Crear | Villager (Male) |
| 21:17 | Crear | Villager (Male) |
| 21:18 | Crear | Villager (Male) |
| 21:23 | Construir | Farm |
| 21:28 | Construir | Farm |
| 21:29 | Construir | Farm |
| 21:30 | Construir | Farm |
| 21:31 | Crear | Villager (Male) |
| 21:36 | Crear | Villager (Male) |
| 21:44 | Construir | House |
Build order — dinkydinks
Primeras 150 de 362 acciones detectadas
| 0:01 | Crear | Villager (Male) ×4 |
| 0:01 | Crear | Villager (Male) ×4 |
| 0:02 | Construir | House |
| 0:03 | Construir | House |
| 1:30 | Crear | Villager (Male) |
| 2:02 | Crear | Villager (Male) |
| 2:26 | Crear | Villager (Male) |
| 2:53 | Construir | Mule Cart |
| 2:59 | Crear | Villager (Male) |
| 2:59 | Crear | Villager (Male) |
| 3:46 | Crear | Villager (Male) |
| 3:51 | Construir | House |
| 4:19 | Construir | Mill |
| 4:19 | Crear | Villager (Male) |
| 4:19 | Crear | Villager (Male) |
| 4:37 | Crear | Villager (Male) |
| 5:07 | Crear | Villager (Male) |
| 5:47 | Crear | Villager (Male) |
| 5:50 | Construir | House |
| 6:15 | Crear | Villager (Male) |
| 6:35 | Construir | Mill |
| 6:44 | Crear | Villager (Male) |
| 7:18 | Crear | Villager (Male) |
| 7:30 | Crear | Villager (Male) |
| 7:54 | Crear | Villager (Male) |
| 8:14 | Construir | House |
| 8:30 | Crear | Villager (Male) |
| 8:38 | Investigar | Feudal Age |
| 8:41 | Construir | Mule Cart |
| 9:01 | Construir | Farm |
| 9:03 | Construir | Farm |
| 9:19 | Crear | Villager (Male) |
| 9:37 | Construir | Farm |
| 10:00 | Crear | Villager (Male) |
| 11:01 | Crear | Villager (Male) |
| 11:08 | Edad | Edad Feudal |
| 11:09 | Construir | Blacksmith |
| 11:10 | Construir | Market |
| 11:16 | Construir | House |
| 11:41 | Construir | Farm |
| 11:55 | Construir | Farm |
| 12:05 | Crear | Villager (Male) |
| 12:17 | Construir | Mule Cart |
| 12:24 | Investigar | Castle Age |
| 12:48 | Investigar | Double-Bit Axe |
| 13:07 | Crear | Villager (Male) |
| 13:52 | Investigar | Horse Collar |
| 13:54 | Crear | Villager (Male) |
| 14:03 | Construir | Farm |
| 14:07 | Construir | Farm |
| 15:04 | Edad | Edad de los Castillos |
| 15:05 | Construir | Town Center |
| 15:15 | Construir | Town Center |
| 15:25 | Investigar | Bow Saw |
| 15:26 | Investigar | Heavy Plow |
| 15:47 | Construir | Farm |
| 15:50 | Crear | Villager (Male) |
| 16:08 | Construir | Farm |
| 16:14 | Crear | Villager (Male) |
| 16:19 | Crear | Villager (Male) |
| 16:22 | Construir | Farm |
| 16:29 | Construir | Farm |
| 16:35 | Crear | Villager (Male) |
| 16:35 | Crear | Villager (Male) |
| 16:38 | Crear | Villager (Male) |
| 16:41 | Construir | Farm |
| 16:45 | Crear | Villager (Male) |
| 16:50 | Construir | Farm |
| 17:00 | Crear | Villager (Male) |
| 17:00 | Crear | Villager (Male) |
| 17:09 | Construir | Farm |
| 17:11 | Construir | Farm |
| 17:15 | Construir | Farm |
| 17:16 | Crear | Villager (Male) |
| 17:16 | Crear | Villager (Male) |
| 17:17 | Crear | Villager (Male) |
| 17:24 | Construir | Farm |
| 17:27 | Construir | Farm |
| 17:28 | Construir | Farm |
| 17:31 | Crear | Villager (Male) |
| 17:37 | Construir | Farm |
| 17:40 | Construir | Farm |
| 17:41 | Crear | Villager (Male) |
| 17:45 | Crear | Villager (Male) |
| 17:51 | Construir | Farm |
| 18:04 | Crear | Villager (Male) |
| 18:14 | Crear | Villager (Male) |
| 18:14 | Crear | Villager (Male) |
| 18:19 | Construir | Farm |
| 18:19 | Construir | Farm |
| 18:20 | Construir | Farm |
| 18:24 | Construir | Farm |
| 18:26 | Construir | House |
| 18:36 | Crear | Villager (Male) |
| 18:36 | Crear | Villager (Male) |
| 18:37 | Crear | Villager (Male) |
| 18:37 | Crear | Villager (Male) |
| 18:49 | Construir | Farm |
| 18:50 | Crear | Villager (Male) |
| 18:50 | Crear | Villager (Male) |
| 19:21 | Construir | House |
| 19:22 | Construir | House |
| 19:24 | Crear | Villager (Male) |
| 19:24 | Crear | Villager (Male) |
| 19:24 | Crear | Villager (Male) |
| 19:50 | Construir | Town Center |
| 19:53 | Investigar | Wheelbarrow |
| 19:55 | Construir | Farm |
| 19:55 | Crear | Villager (Male) |
| 19:56 | Crear | Villager (Male) |
| 19:56 | Crear | Villager (Male) |
| 20:10 | Crear | Villager (Male) |
| 20:10 | Crear | Villager (Male) |
| 20:11 | Crear | Villager (Male) |
| 20:14 | Construir | Monastery |
| 20:22 | Construir | Farm |
| 20:43 | Construir | Farm |
| 20:55 | Construir | House |
| 20:57 | Construir | House |
| 20:57 | Construir | House |
| 20:58 | Construir | House |
| 21:00 | Crear | Villager (Male) |
| 21:01 | Crear | Villager (Male) |
| 21:01 | Crear | Villager (Male) |
| 21:05 | Construir | Farm |
| 21:05 | Construir | Farm |
| 21:05 | Construir | Farm |
| 21:05 | Construir | Farm |
| 21:05 | Construir | Farm |
| 21:08 | Crear | Villager (Male) |
| 21:08 | Crear | Villager (Male) |
| 21:11 | Construir | Farm |
| 21:16 | Construir | Farm |
| 21:16 | Crear | Monk |
| 21:28 | Crear | Villager (Male) |
| 21:29 | Crear | Villager (Male) |
| 21:29 | Crear | Villager (Male) |
| 21:32 | Construir | Farm |
| 21:36 | Construir | Farm |
| 21:39 | Construir | Farm |
| 21:43 | Construir | House |
| 21:43 | Construir | House |
| 21:46 | Crear | Villager (Male) |
| 21:46 | Crear | Villager (Male) |
| 21:47 | Crear | Villager (Male) |
| 21:54 | Construir | Farm |
| 21:57 | Construir | Farm |
| 22:01 | Construir | Farm |
| 22:04 | Crear | Villager (Male) |
| 22:30 | Investigar | Hand Cart |
Build order — Brick in the wall
Primeras 150 de 261 acciones detectadas
| 0:01 | Crear | Villager (Male) |
| 0:01 | Crear | Villager (Male) |
| 0:02 | Construir | House |
| 0:03 | Construir | House |
| 0:29 | Crear | Villager (Male) |
| 0:29 | Crear | Villager (Male) |
| 1:24 | Crear | Villager (Male) |
| 1:59 | Crear | Villager (Male) |
| 2:17 | Crear | Villager (Male) |
| 2:54 | Crear | Villager (Male) |
| 2:59 | Construir | Lumber Camp |
| 3:25 | Crear | Villager (Male) |
| 3:27 | Construir | House |
| 3:42 | Crear | Villager (Male) |
| 3:49 | Construir | House |
| 4:04 | Crear | Villager (Male) |
| 4:04 | Crear | Villager (Male) |
| 5:04 | Crear | Villager (Male) |
| 5:04 | Crear | Villager (Male) |
| 5:32 | Crear | Villager (Male) |
| 5:34 | Construir | Mill |
| 5:40 | Crear | Villager (Male) |
| 6:19 | Crear | Villager (Male) |
| 6:43 | Crear | Villager (Male) |
| 7:01 | Crear | Villager (Male) |
| 7:10 | Construir | Mill |
| 7:39 | Crear | Villager (Male) |
| 8:08 | Construir | Mining Camp |
| 8:33 | Crear | Villager (Male) |
| 8:35 | Investigar | Feudal Age |
| 9:03 | Construir | Farm |
| 9:07 | Construir | Farm |
| 9:58 | Construir | House |
| 10:01 | Construir | Farm |
| 10:48 | Crear | Villager (Male) |
| 10:49 | Crear | Villager (Male) |
| 11:08 | Edad | Edad Feudal |
| 11:14 | Construir | Blacksmith |
| 11:26 | Construir | Market |
| 12:11 | Investigar | Castle Age |
| 12:11 | Investigar | Castle Age |
| 12:31 | Investigar | Double-Bit Axe |
| 13:13 | Construir | House |
| 13:34 | Construir | Farm |
| 13:46 | Construir | Farm |
| 14:30 | Construir | Farm |
| 14:31 | Construir | Farm |
| 14:50 | Crear | Villager (Male) |
| 14:51 | Crear | Villager (Male) |
| 14:51 | Edad | Edad de los Castillos |
| 14:56 | Construir | Town Center |
| 15:21 | Construir | Town Center |
| 15:36 | Crear | Villager (Male) |
| 15:47 | Crear | Villager (Male) |
| 15:54 | Construir | House |
| 15:59 | Construir | Farm |
| 16:07 | Crear | Villager (Male) |
| 16:21 | Crear | Villager (Male) |
| 16:38 | Construir | Monastery |
| 16:44 | Crear | Villager (Male) ×5 |
| 17:10 | Crear | Villager (Male) ×4 |
| 17:13 | Construir | Farm |
| 17:15 | Construir | Farm |
| 17:17 | Construir | Farm |
| 17:25 | Construir | House |
| 17:28 | Crear | Villager (Male) |
| 17:31 | Construir | Farm |
| 17:46 | Crear | Villager (Male) |
| 17:50 | Construir | House |
| 17:51 | Crear | Monk |
| 18:06 | Crear | Villager (Male) |
| 18:08 | Construir | Farm |
| 18:09 | Construir | Farm |
| 18:11 | Construir | Farm |
| 18:23 | Crear | Villager (Male) ×2 |
| 18:27 | Construir | Farm |
| 18:32 | Construir | Farm |
| 18:34 | Construir | Farm |
| 18:37 | Construir | House |
| 18:50 | Crear | Villager (Male) ×2 |
| 18:54 | Construir | House |
| 19:03 | Construir | Farm |
| 19:04 | Construir | Farm |
| 19:06 | Construir | Farm |
| 19:17 | Crear | Villager (Male) ×3 |
| 19:22 | Construir | Farm |
| 19:24 | Construir | Farm |
| 19:27 | Construir | Farm |
| 19:27 | Construir | Farm |
| 19:39 | Investigar | Bow Saw |
| 19:39 | Investigar | Bow Saw |
| 19:44 | Crear | Villager (Male) ×2 |
| 19:46 | Construir | House |
| 19:57 | Crear | Villager (Male) |
| 20:09 | Construir | Farm |
| 20:09 | Construir | Farm |
| 20:11 | Construir | Farm |
| 20:13 | Crear | Villager (Male) ×3 |
| 20:16 | Construir | House |
| 20:24 | Crear | Villager (Male) ×2 |
| 20:24 | Crear | Villager (Male) ×2 |
| 20:30 | Construir | Farm |
| 20:36 | Crear | Villager (Male) ×3 |
| 20:47 | Construir | Farm |
| 20:48 | Construir | Farm |
| 20:58 | Crear | Villager (Male) ×2 |
| 21:03 | Construir | House |
| 21:10 | Investigar | Gold Mining |
| 21:13 | Crear | Villager (Male) ×2 |
| 21:36 | Investigar | Wheelbarrow |
| 21:37 | Crear | Villager (Male) |
| 21:48 | Construir | Barracks |
| 21:50 | Construir | House |
| 21:58 | Crear | Villager (Male) ×4 |
| 22:07 | Construir | Farm |
| 22:07 | Construir | Farm |
| 22:22 | Construir | University |
| 22:25 | Crear | Villager (Male) ×5 |
| 22:50 | Construir | Stable |
| 23:06 | Construir | Farm |
| 23:06 | Construir | Farm |
| 23:09 | Construir | Farm |
| 23:10 | Construir | Farm |
| 23:18 | Crear | Villager (Male) ×5 |
| 23:25 | Construir | House |
| 23:26 | Construir | House |
| 23:27 | Construir | House |
| 23:27 | Construir | House |
| 23:34 | Construir | House |
| 23:34 | Construir | House |
| 23:55 | Investigar | Hand Cart |
| 24:01 | Investigar | Hand Cart |
| 24:04 | Crear | Villager (Male) ×5 |
| 24:07 | Construir | Farm |
| 24:13 | Construir | Farm |
| 24:13 | Construir | Farm |
| 24:31 | Construir | Stable |
| 24:54 | Investigar | Imperial Age |
| 24:57 | Investigar | Scale Barding Armor |
| 25:05 | Construir | Mill |
| 25:06 | Construir | Farm |
| 25:06 | Construir | Farm |
| 25:07 | Construir | Farm |
| 25:07 | Construir | Farm |
| 25:07 | Construir | Farm |
| 25:07 | Construir | Farm |
| 25:07 | Construir | Farm |
| 25:08 | Construir | Farm |
| 25:23 | Crear | Villager (Male) ×5 |
| 25:32 | Construir | Stable |
Build order — Ak.c0lt
Primeras 150 de 378 acciones detectadas
| 0:02 | Crear | Villager (Male) |
| 0:02 | Crear | Villager (Male) |
| 0:02 | Crear | Villager (Male) |
| 0:05 | Construir | House |
| 0:08 | Construir | House |
| 0:12 | Construir | House |
| 0:32 | Crear | Villager (Male) |
| 0:33 | Crear | Villager (Male) |
| 1:31 | Crear | Villager (Male) |
| 2:07 | Construir | Lumber Camp |
| 2:11 | Crear | Villager (Male) |
| 2:11 | Crear | Villager (Male) |
| 2:33 | Crear | Villager (Male) |
| 2:59 | Crear | Villager (Male) |
| 3:30 | Crear | Villager (Male) |
| 3:56 | Crear | Villager (Male) |
| 4:26 | Crear | Villager (Male) |
| 4:41 | Investigar | Loom |
| 4:54 | Construir | House |
| 4:57 | Construir | House |
| 5:01 | Construir | House |
| 5:02 | Construir | House |
| 5:06 | Crear | Villager (Male) |
| 5:08 | Crear | Villager (Male) |
| 6:04 | Crear | Villager (Male) |
| 6:35 | Crear | Villager (Male) |
| 7:00 | Construir | Mill |
| 7:01 | Crear | Villager (Male) |
| 7:17 | Crear | Villager (Male) |
| 7:34 | Crear | Villager (Male) |
| 7:55 | Construir | Mill |
| 8:01 | Construir | Lumber Camp |
| 8:12 | Crear | Villager (Male) |
| 8:37 | Crear | Villager (Male) |
| 8:48 | Investigar | Feudal Age |
| 9:12 | Construir | Mining Camp |
| 9:20 | Construir | Mining Camp |
| 10:11 | Crear | Villager (Male) |
| 10:11 | Crear | Villager (Male) |
| 11:05 | Edad | Edad Feudal |
| 11:29 | Crear | Villager (Male) |
| 11:30 | Construir | Farm |
| 11:38 | Investigar | Horse Collar |
| 11:58 | Construir | Farm |
| 12:01 | Construir | Farm |
| 12:02 | Construir | Farm |
| 12:03 | Construir | Farm |
| 12:05 | Construir | Farm |
| 12:07 | Construir | Farm |
| 12:08 | Construir | Farm |
| 12:12 | Crear | Villager (Male) |
| 12:16 | Construir | Farm |
| 12:39 | Crear | Villager (Male) |
| 13:01 | Crear | Villager (Male) |
| 13:21 | Crear | Villager (Male) |
| 13:31 | Construir | Farm |
| 13:45 | Construir | Lumber Camp |
| 13:47 | Crear | Villager (Male) |
| 13:52 | Construir | Farm |
| 14:04 | Construir | House |
| 14:05 | Construir | House |
| 14:15 | Crear | Villager (Male) |
| 14:37 | Crear | Villager (Male) |
| 14:43 | Construir | Farm |
| 15:00 | Crear | Villager (Male) |
| 15:04 | Construir | Farm |
| 15:15 | Construir | House |
| 15:17 | Construir | House |
| 15:18 | Construir | House |
| 15:19 | Construir | House |
| 15:20 | Construir | House |
| 15:21 | Construir | House |
| 15:24 | Crear | Villager (Male) |
| 15:29 | Construir | Farm |
| 15:47 | Crear | Villager (Male) |
| 15:51 | Construir | Farm |
| 16:06 | Construir | Market |
| 16:11 | Crear | Villager (Male) |
| 16:28 | Investigar | Wheelbarrow |
| 16:46 | Construir | Blacksmith |
| 17:00 | Construir | House |
| 17:01 | Construir | House |
| 17:03 | Construir | House |
| 17:27 | Investigar | Castle Age |
| 18:04 | Construir | House |
| 18:22 | Investigar | Double-Bit Axe |
| 18:24 | Investigar | Stone Mining |
| 18:25 | Investigar | Gold Mining |
| 20:07 | Edad | Edad de los Castillos |
| 20:11 | Construir | Town Center |
| 20:20 | Construir | Town Center |
| 20:25 | Crear | Villager (Male) |
| 20:25 | Crear | Villager (Male) |
| 20:27 | Investigar | Heavy Plow |
| 20:32 | Investigar | Bow Saw |
| 20:58 | Investigar | Stone Shaft Mining |
| 21:02 | Crear | Villager (Male) |
| 21:07 | Crear | Villager (Male) |
| 21:41 | Construir | Town Center |
| 21:47 | Crear | Villager (Male) |
| 21:53 | Crear | Villager (Male) |
| 22:04 | Crear | Villager (Male) |
| 22:05 | Crear | Villager (Male) |
| 22:26 | Construir | Farm |
| 22:27 | Construir | Farm |
| 22:32 | Construir | Farm |
| 22:33 | Construir | Farm |
| 22:38 | Crear | Villager (Male) |
| 22:39 | Crear | Villager (Male) |
| 22:42 | Crear | Villager (Male) |
| 22:42 | Crear | Villager (Male) |
| 22:45 | Construir | Farm |
| 22:48 | Crear | Villager (Male) |
| 22:48 | Crear | Villager (Male) |
| 22:52 | Construir | Farm |
| 22:54 | Construir | Farm |
| 23:01 | Crear | Villager (Male) |
| 23:05 | Construir | Farm |
| 23:08 | Crear | Villager (Male) |
| 23:11 | Crear | Villager (Male) |
| 23:14 | Construir | Farm |
| 23:37 | Crear | Villager (Male) |
| 23:40 | Construir | Farm |
| 23:42 | Construir | Farm |
| 23:42 | Construir | Farm |
| 23:43 | Construir | Farm |
| 23:47 | Construir | Farm |
| 23:48 | Construir | Farm |
| 23:49 | Construir | Farm |
| 23:50 | Construir | Farm |
| 23:51 | Construir | Farm |
| 23:53 | Construir | Farm |
| 23:56 | Construir | Farm |
| 24:04 | Construir | Farm |
| 24:05 | Crear | Villager (Male) |
| 24:05 | Crear | Villager (Male) |
| 24:05 | Crear | Villager (Male) |
| 24:06 | Crear | Villager (Male) |
| 24:08 | Crear | Villager (Male) |
| 24:08 | Crear | Villager (Male) |
| 24:08 | Crear | Villager (Male) |
| 24:31 | Crear | Villager (Male) |
| 24:31 | Crear | Villager (Male) |
| 24:33 | Crear | Villager (Male) |
| 24:47 | Crear | Villager (Male) |
| 24:57 | Construir | Lumber Camp |
| 25:05 | Crear | Villager (Male) |
| 25:05 | Crear | Villager (Male) |
| 25:13 | Construir | Farm |
| 25:14 | Construir | Farm |
Build order — AI (CD version)
Primeras 150 de 433 acciones detectadas
| 0:01 | Crear | Villager (Male) |
| 0:01 | Crear | Villager (Male) |
| 0:01 | Crear | Villager (Male) |
| 0:04 | Construir | House |
| 0:05 | Construir | House |
| 0:10 | Crear | Villager (Male) |
| 0:10 | Crear | Villager (Male) |
| 1:27 | Crear | Villager (Male) |
| 1:27 | Crear | Villager (Male) |
| 2:01 | Crear | Villager (Male) |
| 2:17 | Crear | Villager (Male) |
| 2:17 | Crear | Villager (Male) |
| 2:28 | Construir | Lumber Camp |
| 2:47 | Crear | Villager (Male) |
| 2:47 | Crear | Villager (Male) |
| 3:05 | Crear | Villager (Male) |
| 3:05 | Crear | Villager (Male) |
| 3:37 | Crear | Villager (Male) |
| 3:52 | Construir | House |
| 4:05 | Crear | Villager (Male) |
| 4:06 | Crear | Villager (Male) |
| 4:16 | Construir | Mill |
| 4:37 | Crear | Villager (Male) |
| 4:37 | Crear | Villager (Male) |
| 4:38 | Crear | Villager (Male) |
| 4:41 | Construir | House |
| 4:58 | Crear | Villager (Male) |
| 4:59 | Crear | Villager (Male) |
| 4:59 | Crear | Villager (Male) |
| 5:29 | Crear | Villager (Male) |
| 5:29 | Crear | Villager (Male) |
| 5:59 | Crear | Villager (Male) |
| 6:45 | Construir | Mining Camp |
| 6:51 | Crear | Villager (Male) |
| 6:51 | Crear | Villager (Male) |
| 7:14 | Crear | Villager (Male) |
| 7:40 | Construir | Lumber Camp |
| 7:41 | Crear | Villager (Male) |
| 7:48 | Construir | Lumber Camp |
| 7:49 | Crear | Villager (Male) |
| 8:00 | Construir | Mill |
| 8:42 | Investigar | Feudal Age |
| 8:42 | Investigar | Feudal Age |
| 8:55 | Construir | House |
| 8:55 | Construir | House |
| 9:01 | Construir | House |
| 9:05 | Construir | House |
| 10:41 | Crear | Villager (Male) |
| 10:45 | Crear | Villager (Male) |
| 10:57 | Edad | Edad Feudal |
| 11:00 | Construir | Market |
| 11:03 | Construir | Blacksmith |
| 11:17 | Investigar | Double-Bit Axe |
| 11:18 | Investigar | Horse Collar |
| 11:18 | Investigar | Horse Collar |
| 11:44 | Construir | Farm |
| 11:45 | Construir | Farm |
| 11:55 | Investigar | Loom |
| 12:02 | Construir | House |
| 12:22 | Crear | Villager (Male) |
| 12:37 | Construir | House |
| 12:56 | Construir | Farm |
| 13:09 | Investigar | Castle Age |
| 13:10 | Investigar | Castle Age |
| 13:17 | Construir | House |
| 13:52 | Investigar | Horse Collar |
| 13:53 | Investigar | Horse Collar |
| 13:57 | Construir | House |
| 14:11 | Construir | Farm |
| 14:12 | Construir | Farm |
| 14:16 | Construir | Farm |
| 14:19 | Investigar | Double-Bit Axe |
| 14:19 | Investigar | Double-Bit Axe |
| 14:23 | Construir | Farm |
| 14:27 | Construir | Farm |
| 14:28 | Construir | Farm |
| 14:30 | Construir | Farm |
| 14:32 | Construir | Farm |
| 14:52 | Construir | House |
| 15:24 | Construir | House |
| 15:26 | Crear | Villager (Male) |
| 15:30 | Investigar | Wheelbarrow |
| 15:30 | Investigar | Wheelbarrow |
| 15:49 | Edad | Edad de los Castillos |
| 15:52 | Construir | Town Center |
| 15:57 | Construir | Town Center |
| 16:04 | Construir | House |
| 16:10 | Crear | Villager (Male) |
| 16:14 | Investigar | Bow Saw |
| 16:14 | Investigar | Bow Saw |
| 16:32 | Construir | House |
| 17:07 | Construir | Monastery |
| 17:14 | Crear | Villager (Male) |
| 17:15 | Crear | Villager (Male) |
| 17:18 | Crear | Villager (Male) |
| 17:20 | Crear | Villager (Male) |
| 17:23 | Crear | Villager (Male) |
| 17:23 | Crear | Villager (Male) |
| 17:26 | Construir | Farm |
| 17:32 | Construir | Farm |
| 17:34 | Crear | Villager (Male) |
| 17:53 | Construir | Farm |
| 17:54 | Crear | Villager (Male) |
| 17:57 | Crear | Monk |
| 17:57 | Crear | Monk |
| 17:59 | Construir | House |
| 18:00 | Construir | House |
| 18:01 | Construir | House |
| 18:02 | Crear | Villager (Male) |
| 18:09 | Crear | Villager (Male) |
| 18:09 | Crear | Villager (Male) |
| 18:12 | Construir | Farm |
| 18:12 | Construir | Farm |
| 18:13 | Construir | Farm |
| 18:14 | Construir | Farm |
| 18:27 | Crear | Villager (Male) |
| 18:34 | Crear | Villager (Male) |
| 18:34 | Crear | Villager (Male) |
| 18:34 | Crear | Villager (Male) |
| 18:47 | Crear | Villager (Male) |
| 18:47 | Crear | Villager (Male) |
| 18:47 | Crear | Villager (Male) |
| 18:59 | Crear | Villager (Male) |
| 19:07 | Crear | Villager (Male) |
| 19:10 | Construir | Farm |
| 19:15 | Construir | Farm |
| 19:16 | Construir | Farm |
| 19:18 | Construir | Farm |
| 19:18 | Crear | Villager (Male) |
| 19:22 | Construir | Farm |
| 19:22 | Crear | Villager (Male) |
| 19:22 | Crear | Villager (Male) |
| 19:27 | Construir | Farm |
| 19:28 | Construir | Farm |
| 19:29 | Construir | Farm |
| 19:32 | Crear | Villager (Male) |
| 19:32 | Crear | Villager (Male) |
| 19:37 | Construir | House |
| 19:38 | Construir | House |
| 19:39 | Construir | House |
| 19:40 | Crear | Villager (Male) |
| 19:51 | Construir | Town Center |
| 19:51 | Crear | Villager (Male) |
| 19:52 | Crear | Villager (Male) |
| 20:05 | Crear | Villager (Male) |
| 20:15 | Crear | Villager (Male) |
| 20:15 | Crear | Villager (Male) ×2 |
| 20:17 | Construir | Farm |
| 20:28 | Crear | Villager (Male) |
| 20:28 | Crear | Villager (Male) ×2 |
Cronología de la partida
| 4:36 | calypso1119 · wall_segment Palisade Wall x1 |
| 4:38 | calypso1119 · wall_segment Palisade Wall x1 |
| 4:41 | calypso1119 · wall_segment Palisade Wall x1 |
| 4:43 | calypso1119 · wall_segment Palisade Wall x1 |
| 4:44 | calypso1119 · wall_segment Palisade Wall x1 |
| 5:10 | calypso1119 · wall_segment Palisade Wall x1 |
| 5:29 | calypso1119 · wall_segment Palisade Wall x1 |
| 5:39 | calypso1119 · wall_segment Palisade Wall x1 |
| 5:40 | calypso1119 · wall_segment Palisade Wall x1 |
| 5:41 | calypso1119 · wall_segment Palisade Wall x1 |
| 5:45 | calypso1119 · wall_segment Palisade Wall x1 |
| 6:23 | calypso1119 · wall_segment Palisade Wall x1 |
| 10:56 | v · age_up feudal |
| 10:57 | AI (CD version) · age_up feudal |
| 11:05 | Ak.c0lt · age_up feudal |
| 11:05 | calypso1119 · age_up feudal |
| 11:08 | Brick in the wall · age_up feudal |
| 11:08 | dinkydinks · age_up feudal |
| 11:21 | RoR | zWraithhh · age_up feudal |
| 11:41 | v · first_market_buy 100 food |
| 11:42 | Kazi · first_building Barracks |
| 11:43 | v · first_market_sell 100 stone |
| 12:36 | Brick in the wall · first_market_buy 100 wood |
| 13:07 | Kazi · age_up feudal |
| 14:29 | v · age_up castle |
| 14:42 | calypso1119 · age_up castle |
| 14:51 | Brick in the wall · age_up castle |
| 14:55 | RoR | zWraithhh · age_up castle |
| 15:04 | dinkydinks · age_up castle |
| 15:49 | AI (CD version) · age_up castle |
| 16:01 | v · first_building Siege Workshop |
| 16:38 | Brick in the wall · first_building Monastery |
| 16:59 | dinkydinks · first_market_buy 100 food |
| 17:02 | RoR | zWraithhh · first_market_buy 100 food |
| 17:02 | Kazi · age_up castle |
| 17:07 | AI (CD version) · first_building Monastery |
| 17:16 | Kazi · first_building Castle |
| 17:56 | Kazi · wall_segment Stone Wall x1 |
| 17:57 | Kazi · wall_segment Stone Wall x1 |
| 17:58 | Kazi · wall_segment Stone Wall x1 |
| 18:01 | Kazi · wall_segment Stone Wall x1 |
| 18:03 | Kazi · wall_segment Stone Wall x1 |
| 18:06 | Kazi · wall_segment Stone Wall x1 |
| 18:09 | Kazi · wall_segment Stone Wall x1 |
| 18:30 | Kazi · first_market_sell 100 wood |
| 18:32 | Kazi · first_market_buy 100 food |
| 19:10 | v · wall_segment Palisade Wall x1 |
| 19:11 | v · wall_segment Palisade Wall x1 |
| 19:12 | v · wall_segment Palisade Wall x1 |
| 19:35 | RoR | zWraithhh · first_building Monastery |
| 19:50 | calypso1119 · first_market_buy 100 stone |
| 19:57 | calypso1119 · wall_segment Stone Wall x10 |
| 19:59 | calypso1119 · wall_segment Stone Wall x5 |
| 20:07 | Ak.c0lt · age_up castle |
| 20:14 | dinkydinks · first_building Monastery |
| 20:19 | calypso1119 · wall_segment Stone Wall x4 |
| 20:31 | calypso1119 · wall_segment Stone Wall x10 |
| 20:36 | calypso1119 · wall_segment Stone Wall x7 |
| 20:57 | calypso1119 · wall_segment Stone Wall x10 |
| 21:01 | calypso1119 · wall_segment Stone Wall x8 |
| 21:14 | Ak.c0lt · first_market_buy 100 wood |
| 21:18 | v · first_building Castle |
| 21:32 | calypso1119 · wall_segment Stone Wall x3 |
| 21:38 | calypso1119 · wall_segment Stone Wall x1 |
| 21:41 | calypso1119 · wall_segment Stone Wall x1 |
| 21:48 | Brick in the wall · first_building Barracks |
| 21:55 | calypso1119 · wall_segment Stone Wall x5 |
| 21:55 | calypso1119 · wall_segment Stone Wall x2 |
| 22:03 | calypso1119 · wall_segment Stone Wall x27 |
| 22:07 | calypso1119 · wall_segment Stone Wall x7 |
| 22:08 | AI (CD version) · first_market_buy 100 food |
| 22:22 | calypso1119 · wall_segment Stone Wall x1 |
| 22:30 | calypso1119 · wall_segment Stone Wall x6 |
| 22:34 | calypso1119 · wall_segment Stone Wall x4 |
| 22:37 | calypso1119 · wall_segment Stone Wall x7 |
| 22:50 | Brick in the wall · first_building Stable |
| 23:15 | Kazi · age_up imperial |
| 23:59 | calypso1119 · wall_segment Stone Wall x9 |
| 24:06 | calypso1119 · wall_segment Stone Wall x3 |
| 24:07 | calypso1119 · wall_segment Stone Wall x5 |
| 24:08 | calypso1119 · wall_segment Stone Wall x3 |
| 24:08 | RoR | zWraithhh · first_market_sell 100 wood |
| 24:15 | calypso1119 · wall_segment Stone Wall x11 |
| 24:26 | RoR | zWraithhh · first_building Barracks |
| 25:18 | dinkydinks · first_market_sell 100 food |
| 25:20 | RoR | zWraithhh · first_building Archery Range |
| 25:29 | AI (CD version) · first_building Castle |
| 25:38 | Ak.c0lt · first_building Castle |
| 25:57 | RoR | zWraithhh · first_building Castle |
| 25:59 | calypso1119 · wall_segment Stone Wall x11 |
| 26:03 | AI (CD version) · wall_segment Stone Wall x7 |
| 26:09 | AI (CD version) · first_building Barracks |
| 26:24 | calypso1119 · wall_segment Stone Wall x2 |
| 26:31 | v · first_building Barracks |
| 26:57 | dinkydinks · first_building Barracks |
| 26:58 | AI (CD version) · first_building Archery Range |
| 27:05 | AI (CD version) · first_building Stable |
| 27:21 | RoR | zWraithhh · age_up imperial |
| 27:22 | Ak.c0lt · first_building Barracks |
| 27:22 | RoR | zWraithhh · first_building Stable |
| 27:23 | dinkydinks · first_building Castle |
| 27:26 | v · age_up imperial |
| 27:33 | Brick in the wall · first_market_sell 100 wood |
| 27:40 | Ak.c0lt · first_building Siege Workshop |
| 27:51 | Ak.c0lt · wall_segment Stone Wall x2 |
| 27:53 | calypso1119 · first_building Barracks |
| 27:54 | Ak.c0lt · wall_segment Stone Wall x1 |
| 27:59 | Ak.c0lt · wall_segment Stone Wall x16 |
| 28:07 | Brick in the wall · age_up imperial |
| 28:24 | calypso1119 · first_building Castle |
| 28:29 | dinkydinks · age_up imperial |
| 28:37 | calypso1119 · first_building Stable |
| 29:07 | AI (CD version) · first_market_sell 100 wood |
| 29:26 | v · tribute_sent a jugador 1 |
| 29:26 | v · tribute_sent a jugador 2 |
| 29:26 | v · tribute_sent a jugador 3 |
| 29:26 | v · tribute_sent a jugador 5 |
| 29:26 | v · tribute_sent a jugador 6 |
| 29:26 | v · tribute_sent a jugador 7 |
| 29:26 | v · tribute_sent a jugador 8 |
| 29:29 | Ak.c0lt · first_market_sell 500 wood |
| 29:41 | calypso1119 · first_market_sell 100 wood |
| 29:51 | AI (CD version) · age_up imperial |
| 30:21 | Ak.c0lt · first_building Stable |
| 30:49 | dinkydinks · first_building Siege Workshop |
| 30:53 | RoR | zWraithhh · first_building Siege Workshop |
| 32:08 | RoR | zWraithhh · first_building Krepost |
| 32:59 | Ak.c0lt · age_up imperial |
| 33:00 | calypso1119 · age_up imperial |
| 35:12 | Brick in the wall · first_building Castle |
| 36:05 | RoR | zWraithhh · tribute_sent a jugador 1 |
| 36:05 | RoR | zWraithhh · tribute_sent a jugador 2 |
| 36:05 | RoR | zWraithhh · tribute_sent a jugador 4 |
| 36:05 | RoR | zWraithhh · tribute_sent a jugador 5 |
| 36:05 | RoR | zWraithhh · tribute_sent a jugador 6 |
| 36:05 | RoR | zWraithhh · tribute_sent a jugador 7 |
| 36:05 | RoR | zWraithhh · tribute_sent a jugador 8 |
| 36:25 | Ak.c0lt · tribute_sent a jugador 1 |
| 36:25 | Ak.c0lt · tribute_sent a jugador 2 |
| 36:25 | Ak.c0lt · tribute_sent a jugador 3 |
| 36:25 | Ak.c0lt · tribute_sent a jugador 4 |
| 36:25 | Ak.c0lt · tribute_sent a jugador 5 |
| 36:25 | Ak.c0lt · tribute_sent a jugador 6 |
| 36:25 | Ak.c0lt · tribute_sent a jugador 8 |
| 38:37 | Brick in the wall · tribute_sent a jugador 1 |
| 38:37 | Brick in the wall · tribute_sent a jugador 2 |
| 38:37 | Brick in the wall · tribute_sent a jugador 3 |
| 38:37 | Brick in the wall · tribute_sent a jugador 4 |
| 38:37 | Brick in the wall · tribute_sent a jugador 5 |
| 38:37 | Brick in the wall · tribute_sent a jugador 7 |
| 38:37 | Brick in the wall · tribute_sent a jugador 8 |
| 38:46 | Ak.c0lt · tribute_sent a jugador 1 |
| 38:46 | Ak.c0lt · tribute_sent a jugador 2 |
| 38:46 | Ak.c0lt · tribute_sent a jugador 3 |
| 38:46 | Ak.c0lt · tribute_sent a jugador 4 |
| 38:46 | Ak.c0lt · tribute_sent a jugador 5 |
| 38:46 | Ak.c0lt · tribute_sent a jugador 6 |
| 38:46 | Ak.c0lt · tribute_sent a jugador 8 |
| 39:15 | AI (CD version) · first_building Siege Workshop |
| 39:32 | Ak.c0lt · tribute_sent a jugador 1 |
| 39:32 | Ak.c0lt · tribute_sent a jugador 2 |
| 39:32 | Ak.c0lt · tribute_sent a jugador 3 |
| 39:32 | Ak.c0lt · tribute_sent a jugador 4 |
| 39:32 | Ak.c0lt · tribute_sent a jugador 5 |
| 39:32 | Ak.c0lt · tribute_sent a jugador 6 |
| 39:32 | Ak.c0lt · tribute_sent a jugador 8 |
| 39:45 | v · tribute_sent a jugador 1 |
| 39:45 | v · tribute_sent a jugador 2 |
| 39:45 | v · tribute_sent a jugador 3 |
| 39:45 | v · tribute_sent a jugador 5 |
| 39:45 | v · tribute_sent a jugador 6 |
| 39:45 | v · tribute_sent a jugador 7 |
| 39:45 | v · tribute_sent a jugador 8 |
| 40:32 | Brick in the wall · tribute_sent a jugador 1 |
| 40:32 | Brick in the wall · tribute_sent a jugador 2 |
| 40:32 | Brick in the wall · tribute_sent a jugador 3 |
| 40:32 | Brick in the wall · tribute_sent a jugador 4 |
| 40:32 | Brick in the wall · tribute_sent a jugador 5 |
| 40:32 | Brick in the wall · tribute_sent a jugador 7 |
| 40:32 | Brick in the wall · tribute_sent a jugador 8 |
| 40:43 | Ak.c0lt · tribute_sent a jugador 1 |
| 40:43 | Ak.c0lt · tribute_sent a jugador 2 |
| 40:43 | Ak.c0lt · tribute_sent a jugador 3 |
| 40:43 | Ak.c0lt · tribute_sent a jugador 4 |
| 40:43 | Ak.c0lt · tribute_sent a jugador 5 |
| 40:43 | Ak.c0lt · tribute_sent a jugador 6 |
| 40:43 | Ak.c0lt · tribute_sent a jugador 8 |
| 41:10 | dinkydinks · first_building Archery Range |
| 41:46 | calypso1119 · resign |
[ ANÁLISIS IA · 1 CRÉDITO ]
¿Qué pasó realmente en esta partida?
Wolo.gg analiza cada decisión: build order, eco, micro, errores típicos por bracket. Análisis personalizado por WhatsApp o Discord en 30 segundos.
Guía civ
Britanos
Perfil
Jugador #286995